[ AOE2 MATCH · #506278496 ]
UnrankedVietnamese vs Japanese
Player's team · LOSS
Rival team · WIN
[ REPLAY ANALYSIS · EXTRACTED FROM THE RECORDED GAME ]
Feudal
14:06
Castle
26:18
Imperial
—
| APM avg | 59.2 |
| APM peak | 101 |
| eAPM avg | 30.8 |
| Villagers / military | 122 / 123 |
Focus
⚔️ 41.1% · 🌾 58.9%
Cavalry Archer ×91 · Knight ×9 · Petard ×9 · Archer ×7 · Skirmisher ×3 · Mangonel ×2
Feudal
10:51
Castle
22:14
Imperial
—
| APM avg | 53.9 |
| APM peak | 87 |
| eAPM avg | 23.0 |
| Villagers / military | 133 / 99 |
Focus
⚔️ 30.7% · 🌾 69.3%
Cavalry Archer ×61 · Archer ×11 · Battering Ram ×9 · Scorpion ×6 · Knight ×4 · Militia ×4
Match map
Initial resources + every placement click. Lines = walls · curves = elevation contours. ◆ gold · ⬟ stone · ● berries · ✦ relic · ◌ wall gap
Your base· Open — 4t gap
烤乳猪's base· Open — unwalled flank
Smoothed initial terrain · ◌ = detected wall gap · hover for details
Inputs per minute
— ferminsin - - 烤乳猪
Build order — ferminsin
First 150 of 429 actions detected
| 0:01 | Queue | Villager (Male) |
| 0:01 | Queue | Villager (Male) |
| 0:02 | Queue | Villager (Male) |
| 0:03 | Build | House |
| 0:04 | Build | House |
| 0:08 | Queue | Villager (Male) |
| 0:08 | Queue | Villager (Male) |
| 1:23 | Queue | Villager (Male) |
| 1:50 | Build | Lumber Camp |
| 2:02 | Queue | Villager (Male) |
| 2:21 | Queue | Villager (Male) |
| 2:34 | Research | Loom |
| 2:34 | Research | Loom |
| 2:53 | Queue | Villager (Male) |
| 2:54 | Queue | Villager (Male) |
| 3:00 | Build | House |
| 3:01 | Build | House |
| 3:03 | Queue | Villager (Male) |
| 4:04 | Build | Palisade Wall |
| 4:05 | Build | Palisade Wall |
| 4:05 | Build | Palisade Wall |
| 4:05 | Build | Palisade Wall |
| 4:06 | Build | Palisade Wall |
| 4:06 | Build | Palisade Wall |
| 4:06 | Build | Palisade Wall |
| 4:07 | Build | Palisade Wall |
| 4:07 | Build | Palisade Wall |
| 4:07 | Build | Palisade Wall |
| 4:08 | Build | Palisade Wall |
| 4:08 | Build | Palisade Wall |
| 4:08 | Build | Palisade Wall |
| 4:09 | Build | Palisade Wall |
| 4:09 | Build | Palisade Wall |
| 4:11 | Queue | Villager (Male) |
| 4:11 | Queue | Villager (Male) |
| 4:13 | Queue | Villager (Male) |
| 4:23 | Build | Palisade Wall |
| 4:24 | Build | Palisade Wall |
| 4:24 | Build | Palisade Wall |
| 4:26 | Build | Palisade Wall |
| 4:26 | Build | Palisade Wall |
| 4:27 | Build | Palisade Wall |
| 4:28 | Build | Palisade Wall |
| 4:42 | Queue | Villager (Male) |
| 4:42 | Queue | Villager (Male) |
| 5:08 | Queue | Villager (Male) |
| 5:34 | Build | House |
| 6:09 | Build | Palisade Wall |
| 6:12 | Build | Palisade Wall |
| 6:17 | Build | Palisade Wall |
| 6:19 | Queue | Villager (Male) |
| 6:19 | Queue | Villager (Male) |
| 6:20 | Queue | Villager (Male) |
| 6:20 | Queue | Villager (Male) |
| 6:50 | Build | Palisade Wall |
| 7:05 | Build | House |
| 7:07 | Queue | Villager (Male) |
| 7:28 | Queue | Villager (Male) |
| 7:28 | Queue | Villager (Male) |
| 7:28 | Queue | Villager (Male) |
| 7:49 | Queue | Villager (Male) |
| 7:50 | Queue | Villager (Male) |
| 7:50 | Queue | Villager (Male) |
| 8:06 | Queue | Villager (Male) |
| 8:06 | Queue | Villager (Male) |
| 8:11 | Build | Mill |
| 8:34 | Queue | Villager (Male) |
| 8:44 | Build | Palisade Wall |
| 9:04 | Queue | Villager (Male) |
| 9:17 | Build | Palisade Wall |
| 9:18 | Build | Palisade Wall |
| 9:19 | Build | Palisade Wall |
| 9:20 | Build | Palisade Wall |
| 9:21 | Build | Palisade Wall |
| 9:22 | Build | Palisade Wall |
| 9:22 | Build | Palisade Wall |
| 9:22 | Build | Palisade Wall |
| 9:23 | Build | Palisade Wall |
| 9:28 | Queue | Villager (Male) |
| 9:28 | Queue | Villager (Male) |
| 9:29 | Queue | Villager (Male) |
| 9:38 | Build | Palisade Wall |
| 9:39 | Build | Palisade Wall |
| 9:43 | Build | House |
| 9:45 | Build | Mill |
| 9:52 | Queue | Villager (Male) |
| 9:55 | Build | Farm |
| 10:13 | Build | Palisade Wall |
| 10:17 | Build | Palisade Wall |
| 10:25 | Build | Palisade Wall |
| 10:32 | Build | Farm |
| 10:32 | Queue | Villager (Male) |
| 10:34 | Build | Farm |
| 10:47 | Queue | Villager (Male) |
| 10:48 | Build | Farm |
| 10:58 | Build | Palisade Wall |
| 10:59 | Build | Palisade Wall |
| 11:02 | Build | Palisade Wall |
| 11:10 | Build | Palisade Wall |
| 11:16 | Build | Palisade Wall |
| 11:18 | Queue | Villager (Male) |
| 11:21 | Build | Farm |
| 11:27 | Build | Palisade Wall |
| 11:28 | Build | Palisade Wall |
| 11:32 | Build | Palisade Wall |
| 11:33 | Build | Palisade Wall |
| 11:37 | Build | Palisade Wall |
| 11:46 | Build | Palisade Wall |
| 11:56 | Research | Feudal Age |
| 11:56 | Research | Feudal Age |
| 11:59 | Build | Mining Camp |
| 12:04 | Build | Palisade Wall |
| 12:06 | Build | Palisade Wall |
| 12:13 | Build | Palisade Wall |
| 12:30 | Build | House |
| 12:32 | Build | Palisade Wall |
| 12:41 | Build | Barracks |
| 12:45 | Build | Palisade Wall |
| 12:47 | Build | Palisade Wall |
| 12:48 | Build | Palisade Wall |
| 12:49 | Build | Palisade Wall |
| 12:50 | Build | Palisade Wall |
| 12:54 | Build | Palisade Wall |
| 12:55 | Build | Palisade Wall |
| 13:00 | Build | Palisade Wall |
| 13:03 | Queue | Villager (Male) |
| 13:10 | Build | House |
| 13:29 | Build | Palisade Wall |
| 13:29 | Queue | Villager (Male) |
| 13:41 | Build | Palisade Wall |
| 13:43 | Build | Palisade Wall |
| 14:06 | Age | Feudal Age |
| 14:08 | Build | House |
| 14:09 | Build | Palisade Wall |
| 14:28 | Queue | Villager (Male) |
| 14:30 | Build | Archery Range |
| 14:38 | Build | House |
| 14:57 | Build | Palisade Wall |
| 15:06 | Research | Double-Bit Axe |
| 15:08 | Queue | Villager (Male) |
| 15:13 | Build | Palisade Wall |
| 15:19 | Build | House |
| 15:21 | Queue | Archer |
| 15:22 | Queue | Archer |
| 15:25 | Queue | Villager (Male) |
| 15:38 | Build | House |
| 15:45 | Queue | Villager (Male) |
| 16:01 | Queue | Archer |
| 16:07 | Build | Lumber Camp |
| 16:12 | Queue | Villager (Male) |
Build order — 烤乳猪
First 150 of 396 actions detected
| 0:00 | Queue | Villager (Male) |
| 0:00 | Queue | Villager (Male) |
| 0:01 | Queue | Villager (Male) |
| 0:01 | Queue | Villager (Male) |
| 0:02 | Build | House |
| 0:03 | Build | House |
| 1:26 | Build | Lumber Camp |
| 1:29 | Queue | Villager (Male) |
| 1:30 | Queue | Villager (Male) |
| 2:02 | Queue | Villager (Male) |
| 2:02 | Queue | Villager (Male) |
| 2:05 | Build | House |
| 2:29 | Queue | Villager (Male) |
| 2:29 | Queue | Villager (Male) |
| 2:55 | Queue | Villager (Male) |
| 2:55 | Queue | Villager (Male) |
| 3:17 | Queue | Villager (Male) |
| 3:23 | Queue | Villager (Male) |
| 3:24 | Queue | Villager (Male) |
| 3:49 | Build | House |
| 3:52 | Queue | Villager (Male) |
| 4:05 | Queue | Villager (Male) |
| 4:29 | Build | Barracks |
| 4:42 | Queue | Villager (Male) |
| 4:42 | Queue | Villager (Male) |
| 5:07 | Build | Palisade Wall |
| 5:08 | Build | Palisade Wall |
| 5:13 | Queue | Villager (Male) |
| 5:13 | Queue | Villager (Male) |
| 5:42 | Build | Palisade Wall |
| 5:46 | Build | Palisade Wall |
| 5:47 | Build | Palisade Wall |
| 5:52 | Research | Loom |
| 6:00 | Queue | Villager (Male) |
| 6:10 | Build | House |
| 6:13 | Build | Palisade Wall |
| 6:24 | Queue | Villager (Male) |
| 6:28 | Build | Palisade Wall |
| 6:38 | Queue | Villager (Male) |
| 6:46 | Build | House |
| 7:06 | Build | Mill |
| 7:28 | Queue | Villager (Male) |
| 7:38 | Build | Mill |
| 7:56 | Queue | Villager (Male) |
| 8:41 | Research | Feudal Age |
| 8:41 | Research | Feudal Age |
| 9:29 | Build | Mining Camp |
| 9:35 | Queue | Militia |
| 9:37 | Build | Farm |
| 9:40 | Build | Farm |
| 9:42 | Build | Farm |
| 9:46 | Queue | Militia |
| 9:46 | Queue | Militia |
| 9:50 | Build | Farm |
| 9:59 | Build | Farm |
| 10:01 | Build | Farm |
| 10:37 | Queue | Villager (Male) |
| 10:49 | Queue | Militia |
| 10:51 | Age | Feudal Age |
| 11:12 | Queue | Villager (Male) |
| 11:30 | Build | Lumber Camp |
| 11:31 | Queue | Villager (Male) |
| 11:35 | Build | Archery Range |
| 11:59 | Build | House |
| 12:06 | Queue | Villager (Male) |
| 12:27 | Queue | Villager (Male) |
| 12:41 | Build | Farm |
| 12:42 | Build | Farm |
| 12:47 | Queue | Villager (Male) |
| 12:56 | Build | House |
| 13:03 | Build | House |
| 13:05 | Queue | Archer |
| 13:19 | Queue | Villager (Male) |
| 13:23 | Research | Man-at-Arms (upgrade) |
| 13:24 | Research | Man-at-Arms (upgrade) |
| 13:34 | Queue | Villager (Male) |
| 13:39 | Build | Blacksmith |
| 13:43 | Queue | Villager (Male) |
| 14:24 | Queue | Villager (Male) |
| 14:28 | Queue | Archer |
| 14:48 | Queue | Villager (Male) |
| 14:49 | Queue | Archer |
| 14:52 | Build | House |
| 15:04 | Research | Fletching |
| 15:05 | Research | Fletching |
| 15:12 | Build | Farm |
| 15:12 | Build | Farm |
| 15:13 | Build | Farm |
| 15:13 | Build | Farm |
| 15:18 | Build | Farm |
| 15:18 | Build | Farm |
| 15:19 | Build | Farm |
| 15:19 | Build | Farm |
| 15:26 | Queue | Villager (Male) |
| 15:29 | Build | House |
| 15:30 | Queue | Archer |
| 15:45 | Queue | Villager (Male) |
| 16:16 | Build | Farm |
| 16:17 | Build | Farm |
| 16:18 | Queue | Villager (Male) |
| 16:20 | Build | Farm |
| 16:28 | Queue | Archer |
| 16:36 | Build | Farm |
| 16:37 | Build | Farm |
| 16:41 | Build | Farm |
| 16:42 | Build | Farm |
| 17:22 | Queue | Villager (Male) |
| 17:23 | Queue | Archer |
| 17:39 | Queue | Villager (Male) |
| 17:45 | Build | Market |
| 17:58 | Queue | Villager (Male) |
| 18:08 | Queue | Archer |
| 18:10 | Build | Farm |
| 18:23 | Queue | Villager (Male) |
| 18:25 | Queue | Archer |
| 18:45 | Build | Farm |
| 19:34 | Research | Castle Age |
| 19:34 | Research | Castle Age |
| 19:34 | Research | Castle Age |
| 19:43 | Build | Palisade Wall |
| 19:45 | Build | Palisade Wall |
| 19:47 | Build | Palisade Wall |
| 20:01 | Research | Padded Archer Armor |
| 20:02 | Queue | Archer |
| 20:06 | Build | Archery Range |
| 20:15 | Build | Stable |
| 20:29 | Research | Double-Bit Axe |
| 20:30 | Research | Double-Bit Axe |
| 20:48 | Queue | Archer |
| 21:22 | Research | Bloodlines |
| 21:31 | Build | Lumber Camp |
| 22:14 | Age | Castle Age |
| 22:17 | Research | Crossbowman (upgrade) |
| 22:18 | Research | Crossbowman (upgrade) |
| 22:21 | Queue | Knight |
| 22:21 | Queue | Knight |
| 22:26 | Queue | Knight |
| 22:34 | Queue | Villager (Male) |
| 22:49 | Research | Wheelbarrow |
| 23:32 | Queue | Villager (Male) |
| 23:33 | Queue | Knight |
| 23:41 | Build | Siege Workshop |
| 23:51 | Queue | Villager (Male) |
| 24:11 | Build | Farm |
| 24:17 | Research | Bodkin Arrow |
| 24:17 | Research | Bodkin Arrow |
| 24:19 | Research | Crossbowman (upgrade) |
| 24:19 | Research | Crossbowman (upgrade) |
| 24:27 | Queue | Villager (Male) |
| 24:28 | Build | Farm |
Match timeline
| 4:04 | ferminsin · wall_segment Palisade Wall x1 |
| 4:05 | ferminsin · wall_segment Palisade Wall x2 |
| 4:05 | ferminsin · wall_segment Palisade Wall x2 |
| 4:05 | ferminsin · wall_segment Palisade Wall x2 |
| 4:06 | ferminsin · wall_segment Palisade Wall x1 |
| 4:06 | ferminsin · wall_segment Palisade Wall x1 |
| 4:06 | ferminsin · wall_segment Palisade Wall x2 |
| 4:07 | ferminsin · wall_segment Palisade Wall x1 |
| 4:07 | ferminsin · wall_segment Palisade Wall x1 |
| 4:07 | ferminsin · wall_segment Palisade Wall x1 |
| 4:08 | ferminsin · wall_segment Palisade Wall x1 |
| 4:08 | ferminsin · wall_segment Palisade Wall x1 |
| 4:08 | ferminsin · wall_segment Palisade Wall x1 |
| 4:09 | ferminsin · wall_segment Palisade Wall x1 |
| 4:09 | ferminsin · wall_segment Palisade Wall x1 |
| 4:23 | ferminsin · wall_segment Palisade Wall x1 |
| 4:24 | ferminsin · wall_segment Palisade Wall x1 |
| 4:24 | ferminsin · wall_segment Palisade Wall x1 |
| 4:26 | ferminsin · wall_segment Palisade Wall x1 |
| 4:26 | ferminsin · wall_segment Palisade Wall x1 |
| 4:27 | ferminsin · wall_segment Palisade Wall x1 |
| 4:28 | ferminsin · wall_segment Palisade Wall x1 |
| 4:29 | 烤乳猪 · first_building Barracks |
| 5:07 | 烤乳猪 · wall_segment Palisade Wall x1 |
| 5:08 | 烤乳猪 · wall_segment Palisade Wall x1 |
| 5:42 | 烤乳猪 · wall_segment Palisade Wall x1 |
| 5:46 | 烤乳猪 · wall_segment Palisade Wall x1 |
| 5:47 | 烤乳猪 · wall_segment Palisade Wall x1 |
| 6:09 | ferminsin · wall_segment Palisade Wall x1 |
| 6:12 | ferminsin · wall_segment Palisade Wall x1 |
| 6:13 | 烤乳猪 · wall_segment Palisade Wall x1 |
| 6:17 | ferminsin · wall_segment Palisade Wall x1 |
| 6:28 | 烤乳猪 · wall_segment Palisade Wall x1 |
| 6:50 | ferminsin · wall_segment Palisade Wall x1 |
| 8:44 | ferminsin · wall_segment Palisade Wall x1 |
| 9:17 | ferminsin · wall_segment Palisade Wall x1 |
| 9:18 | ferminsin · wall_segment Palisade Wall x1 |
| 9:19 | ferminsin · wall_segment Palisade Wall x1 |
| 9:20 | ferminsin · wall_segment Palisade Wall x1 |
| 9:21 | ferminsin · wall_segment Palisade Wall x1 |
| 9:22 | ferminsin · wall_segment Palisade Wall x1 |
| 9:22 | ferminsin · wall_segment Palisade Wall x1 |
| 9:22 | ferminsin · wall_segment Palisade Wall x2 |
| 9:23 | ferminsin · wall_segment Palisade Wall x1 |
| 9:38 | ferminsin · wall_segment Palisade Wall x1 |
| 9:39 | ferminsin · wall_segment Palisade Wall x1 |
| 10:13 | ferminsin · wall_segment Palisade Wall x1 |
| 10:17 | ferminsin · wall_segment Palisade Wall x1 |
| 10:25 | ferminsin · wall_segment Palisade Wall x2 |
| 10:51 | 烤乳猪 · age_up feudal |
| 10:58 | ferminsin · wall_segment Palisade Wall x1 |
| 10:59 | ferminsin · wall_segment Palisade Wall x1 |
| 11:02 | ferminsin · wall_segment Palisade Wall x1 |
| 11:10 | ferminsin · wall_segment Palisade Wall x1 |
| 11:16 | ferminsin · wall_segment Palisade Wall x1 |
| 11:27 | ferminsin · wall_segment Palisade Wall x1 |
| 11:28 | ferminsin · wall_segment Palisade Wall x1 |
| 11:32 | ferminsin · wall_segment Palisade Wall x1 |
| 11:33 | ferminsin · wall_segment Palisade Wall x1 |
| 11:35 | 烤乳猪 · first_building Archery Range |
| 11:37 | ferminsin · wall_segment Palisade Wall x1 |
| 11:46 | ferminsin · wall_segment Palisade Wall x1 |
| 12:04 | ferminsin · wall_segment Palisade Wall x1 |
| 12:06 | ferminsin · wall_segment Palisade Wall x1 |
| 12:13 | ferminsin · wall_segment Palisade Wall x1 |
| 12:32 | ferminsin · wall_segment Palisade Wall x5 |
| 12:41 | ferminsin · first_building Barracks |
| 12:45 | ferminsin · wall_segment Palisade Wall x1 |
| 12:47 | ferminsin · wall_segment Palisade Wall x1 |
| 12:48 | ferminsin · wall_segment Palisade Wall x1 |
| 12:49 | ferminsin · wall_segment Palisade Wall x1 |
| 12:50 | ferminsin · wall_segment Palisade Wall x1 |
| 12:54 | ferminsin · wall_segment Palisade Wall x1 |
| 12:55 | ferminsin · wall_segment Palisade Wall x1 |
| 13:00 | ferminsin · wall_segment Palisade Wall x11 |
| 13:29 | ferminsin · wall_segment Palisade Wall x3 |
| 13:41 | ferminsin · wall_segment Palisade Wall x1 |
| 13:43 | ferminsin · wall_segment Palisade Wall x1 |
| 14:06 | ferminsin · age_up feudal |
| 14:09 | ferminsin · wall_segment Palisade Wall x2 |
| 14:30 | ferminsin · first_building Archery Range |
| 14:57 | ferminsin · wall_segment Palisade Wall x4 |
| 15:13 | ferminsin · wall_segment Palisade Wall x2 |
| 16:59 | ferminsin · wall_segment Palisade Wall x1 |
| 17:01 | ferminsin · wall_segment Palisade Wall x1 |
| 18:24 | ferminsin · wall_segment Palisade Wall x1 |
| 18:35 | ferminsin · wall_segment Palisade Wall x6 |
| 18:47 | ferminsin · wall_segment Palisade Wall x1 |
| 18:54 | ferminsin · wall_segment Palisade Wall x1 |
| 18:55 | ferminsin · wall_segment Palisade Wall x1 |
| 18:55 | ferminsin · wall_segment Palisade Wall x1 |
| 18:56 | ferminsin · wall_segment Palisade Wall x2 |
| 18:56 | ferminsin · wall_segment Palisade Wall x1 |
| 18:56 | ferminsin · wall_segment Palisade Wall x2 |
| 19:24 | ferminsin · wall_segment Palisade Wall x6 |
| 19:33 | 烤乳猪 · first_market_sell 100 wood |
| 19:43 | 烤乳猪 · wall_segment Palisade Wall x2 |
| 19:45 | 烤乳猪 · wall_segment Palisade Wall x2 |
| 19:47 | 烤乳猪 · wall_segment Palisade Wall x7 |
| 20:06 | ferminsin · wall_segment Palisade Wall x1 |
| 20:15 | 烤乳猪 · first_building Stable |
| 20:27 | ferminsin · wall_segment Palisade Wall x1 |
| 20:27 | ferminsin · wall_segment Palisade Wall x2 |
| 20:27 | ferminsin · wall_segment Palisade Wall x1 |
| 20:28 | ferminsin · wall_segment Palisade Wall x2 |
| 20:28 | ferminsin · wall_segment Palisade Wall x1 |
| 20:28 | ferminsin · wall_segment Palisade Wall x2 |
| 20:29 | ferminsin · wall_segment Palisade Wall x1 |
| 20:31 | ferminsin · wall_segment Palisade Wall x7 |
| 20:40 | ferminsin · wall_segment Palisade Wall x1 |
| 21:01 | ferminsin · wall_segment Palisade Wall x1 |
| 21:02 | ferminsin · wall_segment Palisade Wall x1 |
| 21:43 | ferminsin · wall_segment Palisade Wall x1 |
| 21:44 | ferminsin · wall_segment Palisade Wall x1 |
| 22:14 | 烤乳猪 · age_up castle |
| 22:47 | ferminsin · wall_segment Palisade Wall x1 |
| 22:48 | ferminsin · wall_segment Palisade Wall x1 |
| 23:35 | ferminsin · first_market_buy 100 food |
| 23:41 | 烤乳猪 · first_building Siege Workshop |
| 23:59 | ferminsin · wall_segment Palisade Wall x1 |
| 24:28 | ferminsin · wall_segment Palisade Wall x1 |
| 24:29 | ferminsin · wall_segment Palisade Wall x1 |
| 24:30 | ferminsin · wall_segment Palisade Wall x1 |
| 24:31 | ferminsin · wall_segment Palisade Wall x1 |
| 24:36 | ferminsin · wall_segment Palisade Wall x1 |
| 26:18 | ferminsin · age_up castle |
| 27:17 | ferminsin · wall_segment Palisade Wall x1 |
| 30:07 | ferminsin · first_building Stable |
| 33:49 | 烤乳猪 · first_building Monastery |
| 40:17 | ferminsin · first_market_sell 500 wood |
| 40:36 | 烤乳猪 · first_building Castle |
| 40:44 | ferminsin · first_building Castle |
| 41:59 | ferminsin · first_building Siege Workshop |
| 45:47 | ferminsin · resign |
[ AI ANALYSIS · 1 CREDIT ]
What really happened in this match?
Wolo.gg analyzes every decision: build order, eco, micro, common mistakes by bracket. Personalized analysis on WhatsApp or Discord in 30 seconds.
Civ guide
Vietnamese
Perfil
ferminsin